 Dungeon Crawl Stone Soup version 0.29.1-15-g9cfb28693d (webtiles) character file.

Game seed: 6566295432810752880

51 12sPaWn12 the Firebug (level 3, -6/26 HPs)
             Began as a Gnoll Fire Elementalist on Mar 21, 2023.
             Mangled by Terence
             ... wielding a +0 flail
              (7 damage)
             ... on level 2 of the Dungeon.
             The game lasted 00:02:49 (2477 turns).

12sPaWn12 the Firebug (Gnoll Fire Elementalist)     Turns: 2477, Time: 00:02:50

Health: -6/26      AC:  4    Str:  7    XL:     3   Next: 81%
Magic:  9/9        EV: 13    Int: 16    God:
Gold:   102        SH:  0    Dex: 12    Spells: 11/12 levels left

rFire   . . .      SeeInvis .   i - +1 mace (protect)
rCold   . . .      Faith    .   (no shield)
rNeg    . . .      Spirit   .   a - +0 robe
rPois   .          Reflect  .   g - +1 helmet
rElec   .          Harm     .   (no cloak)
rCorr   .          Rampage  .   (no gloves)
Will    .....                   (no boots)
Stlth   ++........              (no amulet)
HPRegen 0.08/turn               (no ring)
MPRegen 0.11/turn               (no ring)

@: no status effects
A: fangs 1, strong nose, distributed training
a: no special abilities


You were on level 2 of the Dungeon.
You visited 1 branch of the dungeon, and saw 2 of its levels.

You collected 102 gold pieces.

Inventory:

Hand Weapons
 i - a +1 mace of protection (weapon)
Armour
 a - a +0 robe (worn)
 g - a +1 helmet (worn)
Scrolls
 d - a scroll of brand weapon {unknown}
 f - a scroll of identify {unknown}
 h - a scroll of poison {unknown}
 j - a scroll of enchant weapon {unknown}
Potions
 c - 2 potions of lignification {unknown}
 e - a potion of heal wounds {unknown}


   Skills:
 + Level 1.0 Fighting
 + Level 1.0 Short Blades
 + Level 1.0 Long Blades
 + Level 1.0 Axes
 + Level 1.0 Maces & Flails
 + Level 1.0 Polearms
 + Level 1.0 Staves
 + Level 1.0 Ranged Weapons
 + Level 1.0 Throwing
 + Level 1.0 Armour
 + Level 4.6 Dodging
 + Level 4.2 Stealth
 + Level 1.0 Shields
 + Level 1.0 Unarmed Combat
 + Level 5.0 Spellcasting
 + Level 2.2 Conjurations
 + Level 0.7 Hexes
 + Level 0.7 Summonings
 + Level 0.7 Necromancy
 + Level 0.7 Translocations
 + Level 0.7 Transmutations
 + Level 5.4 Fire Magic
 + Level 0.7 Ice Magic
 + Level 0.7 Air Magic
 + Level 0.7 Earth Magic
 + Level 0.7 Poison Magic
 + Level 1.1 Invocations
 + Level 1.0 Evocations


You had 11 spell levels left.
You knew the following spells:

 Your Spells              Type           Power      Damage    Failure   Level
a - Foxfire               Conj/Fire      64%        2x1d7     3%          1

Your spell library contained the following spells:

 Spells                   Type           Power      Damage    Failure   Level
 Scorch                   Fire           42%        2d7       2%          2
 Conjure Flame            Conj/Fire      16%        6-21      10%         3
 Inner Flame              Hex/Fire       14%        N/A       13%         3
 Flame Wave               Conj/Fire      16%        2d7       30%         4
 Passage of Golubria      Tloc           6%         N/A       73%         4
 Silence                  Hex/Air        3%         N/A       97%         5
 Lehudib's Crystal Spear  Conj/Erth      4%         10d3      100%        8


Dungeon Overview and Level Annotations

Branches:
Dungeon (2/15)

Altars:

Shops:
D:2 (

Annotations:
D:2 Terence


Innate Abilities, Weirdness & Mutations

You have very sharp teeth.
Your uncanny sense of smell can sniff out nearby items.
Your experience applies equally to all skills.


Message History

You conjure some foxfire!
The foxfire hits Terence.
Terence is moderately wounded.
The foxfire hits Terence but does no damage.
Terence is moderately wounded.
You conjure some foxfire!
Your foxfire dissipates!
There is not enough space to conjure foxfire!
Your foxfire dissipates!
The foxfire hits Terence but does no damage.
Terence is moderately wounded.
The foxfire hits Terence but does no damage.
Terence is moderately wounded.
You conjure some foxfire!
Terence shouts, "Get ready for death!"
You conjure some foxfire!
The foxfire hits Terence but does no damage.
Terence is moderately wounded.
Terence hits you with a +0 flail!
You conjure some foxfire!
The foxfire hits Terence but does no damage.
Terence is moderately wounded.
The foxfire hits Terence but does no damage.
Terence is moderately wounded.
The foxfire hits Terence but does no damage.
Terence is moderately wounded.
Terence hits you with a +0 flail!
You are too injured to fight recklessly!
You are too injured to fight recklessly!
Unknown command.
Magic courses through your body.
The foxfire hits Terence but does no damage.
Terence is moderately wounded.
The foxfire hits Terence.
Terence is heavily wounded.
Terence hits you with a +0 flail!
* * * LOW HITPOINT WARNING * * *
Terence attacks as you move away! Terence completely misses you.
Terence attacks as you move away! Terence completely misses you.
Terence attacks as you move away! Terence hits you with a +0 flail!
You die...

#..#####.............#
#..................#.# ...
................)..#.##.v
#.#..###.##.##.#####.#..§ #.#..#
#.##..........#.. #.#..#
#.##.#..#####.#.. #.#..#
#.##.#.## #.#.# #.#..#
#.#....######.#.#
#.#..###...#....@@...#.#
#.......##....#####..#@#
###..................#§######.#
#.###.###......###..........#
###.# #.÷........# #.###.####.##
....#######......###.# #.....§..
####.................###......##
####.##############)[....####...
.....# ######## ##


You could see Terence.

Vanquished Creatures
  An adder (D:2)
  2 worms (D:2)
  3 endoplasms
  3 giant cockroaches
  2 goblins
  2 hobgoblins
  4 quokkas
  3 ball pythons (D:1)
  3 bats (D:2)
  9 kobolds
  2 rats
34 creatures vanquished.

Vanquished Creatures (others)
  247 foxfires
247 creatures vanquished.

Grand Total: 281 creatures vanquished

Notes
Turn   | Place    | Note
-------+----------+-------------------------------------------
     0 | D:1      | 12sPaWn12 the Gnoll Fire Elementalist began the quest for
                  | the Orb.
     0 | D:1      | Reached XP level 1. HP: 13/13 MP: 6/6
   399 | D:1      | Reached XP level 2. HP: 19/19 MP: 1/7
   594 | D:1      | Found a faded altar of an unknown god.
  1480 | D:2      | Reached skill level 5 in Spellcasting
  1480 | D:2      | Reached XP level 3. HP: 17/25 MP: 1/9
  1790 | D:2      | Found Zuynull's Weapon Emporium.
  1919 | D:2      | Reached skill level 1 in Invocations
  2358 | D:2      | Reached skill level 1 in Fighting
  2358 | D:2      | Reached skill level 1 in Short Blades
  2358 | D:2      | Reached skill level 1 in Long Blades
  2358 | D:2      | Reached skill level 1 in Axes
  2358 | D:2      | Reached skill level 1 in Maces & Flails
  2358 | D:2      | Reached skill level 1 in Polearms
  2358 | D:2      | Reached skill level 1 in Staves
  2358 | D:2      | Reached skill level 1 in Ranged Weapons
  2358 | D:2      | Reached skill level 1 in Throwing
  2358 | D:2      | Reached skill level 1 in Armour
  2358 | D:2      | Reached skill level 1 in Shields
  2358 | D:2      | Reached skill level 1 in Unarmed Combat
  2358 | D:2      | Reached skill level 1 in Evocations
  2458 | D:2      | Noticed Terence
  2473 | D:2      | HP: 1/26 [Terence/+0 flail (10)]
  2477 | D:2      | Mangled by Terence

Illustrated notes

Levels and vault maps discovered:
D:1:      lemuel_arrival_rhombus, layout_rooms,
          hellmonk_ecumenical_altar_arch_garden, chequers_jeans,
          minmay_misc_feat_more_columns, nicolae_kite_square_tiling_tiny
D:2:      layout_loops_ring, serial_shops, nicolae_shop_bloodbath_and_beyond,
          minivault_27, minmay_tripent, uniq_terence

Skill      XL: |  1  2  3 |
---------------+----------+-----
Conjurations   | 2 |  2.2
Spellcasting   | 5 |  5.0
Invocations    | 1 |  1.1
Fighting       | 1 |  1.0
Short Blades   | 1 |  1.0
Long Blades    | 1 |  1.0
Axes           | 1 |  1.0
Maces & Flails | 1 |  1.0
Polearms       | 1 |  1.0
Staves         | 1 |  1.0
Ranged Weapons | 1 |  1.0
Throwing       | 1 |  1.0
Armour         | 1 |  1.0
Shields        | 1 |  1.0
Unarmed Combat | 1 |  1.0
Evocations     | 1 |  1.0
Dodging        | |  4.6
Stealth        | |  4.2
Hexes          | |  0.7
Summonings     | |  0.7
Necromancy     | |  0.7
Translocations | |  0.7
Transmutations | |  0.7
Fire Magic     | |  5.4
Ice Magic      | |  0.7
Air Magic      | |  0.7
Earth Magic    | |  0.7
Poison Magic   | |  0.7

Action                   || total
-------------------------++-------
Melee: Unarmed           ||    24
       Bite              ||     4
       Mace              ||     2
 Cast: Foxfire           ||   156
  Use: Potion            ||     1
Armor: Robe              ||     8
Dodge: Dodged            ||    32
